 Dungeon Crawl Stone Soup version 0.21-a0-584-g185da8e (webtiles) character file.

5154 SpeedyPerson7 the Cleaver (level 10, -15/142 HPs)
             Began as a Minotaur Berserker on Dec 21, 2017.
             Was a High Priest of Trog.
             Demolished by a two-headed ogre
             ... wielding a +0 giant club
              (18 damage)
             ... on level 9 of the Dungeon.
             The game lasted 00:04:58 (5069 turns).

SpeedyPerson7 the Cleaver (Minotaur Berserker)      Turns: 5069, Time: 00:04:59

Health: -15/142    AC: 13    Str: 30    XL:     10   Next: 33%
Magic:  9/9        EV:  8    Int:  4    God:    Trog [*****.]
Gold:   381        SH:  0    Dex: 10    Spells: 9/9 levels left

rFire    + . .     SeeInvis .   C - +0 battleaxe
rCold    . . .     Gourm    .   (shield currently unavailable)
rNeg     . . .     Faith    .   x - +0 plate armour
rPois    .         Spirit   .   (helmet restricted)
rElec    .         Reflect  .   (no cloak)
rCorr    .         Harm     .   g - +0 pair of gloves
MR       .....                  m - +0 pair of boots
Stlth    ..........             (no amulet)
HPRegen  0.33/turn              F - ring of protection from fire
MPRegen  0.11/turn              (no ring)

@: berserking, very quick
A: retaliatory headbutt, horns 2
a: Berserk, Trog's Hand, Brothers in Arms, Burn Spellbooks, Renounce Religion


You were on level 9 of the Dungeon.
You worshipped Trog.
Trog was extremely pleased with you.
You were very hungry.

You visited 1 branch of the dungeon, and saw 9 of its levels.

You collected 381 gold pieces.

Inventory:

Hand Weapons
 a - a +0 hand axe
 q - a +0 war axe
 C - a +0 battleaxe (weapon)
Armour
 g - a +0 pair of gloves (worn)
 m - a +0 pair of boots (worn)
 x - a +0 plate armour (worn)
Jewellery
 b - an uncursed amulet of the gourmand {unknown}
 B - a +3 ring of protection {unknown}
 F - a ring of protection from fire (left hand)
Wands
 d - a wand of enslavement (7)
 o - a wand of flame (43)
 s - a wand of acid (8)
 u - a wand of scattershot (4)
Scrolls
 c - 2 scrolls of fear {unknown}
 h - 9 scrolls of identify {unknown}
 j - 5 scrolls of enchant weapon {unknown}
 k - 5 scrolls of teleportation {unknown}
 n - 6 scrolls of remove curse {unknown}
 r - 4 scrolls of enchant armour {unknown}
 y - a scroll of immolation {unknown}
 z - a scroll of vulnerability {unknown}
 A - a scroll of fog {unknown}
 E - a scroll of amnesia {unknown}
Potions
 f - a potion of haste {unknown}
 i - a potion of magic {unknown}
 l - 2 potions of curing {unknown}
 p - a potion of ambrosia {unknown}
 t - a potion of heal wounds {unknown}
 v - a potion of agility {unknown}
 w - a potion of flight {unknown}
Comestibles
 e - 12 rations


   Skills:
 + Level 11.1 Fighting
 * Level 14.6 Axes
 - Level 2.4 Armour
 - Level 2.1 Dodging


You had 9 spell levels left.
You didn't know any spells.

Dungeon Overview and Level Annotations

Branches:
Dungeon (9/15)               Lair (0/6) D:9             Orc (0/2) D:9
 Temple: D:4-7

Altars:
Fedhas
Kikubaaqudgha
Trog
Xom
The Shining One

Shops:
D:4 *

Annotations:
D:9 Mandevil's ghost, novice DrTm


Innate Abilities, Weirdness & Mutations

You reflexively headbutt those who attack you in melee.
You have a pair of horns on your head.


Message History

Your plate armour prevents you from hitting the two-headed ogre.
Mandevil's ghost hits you.
You hit Mandevil's ghost. You headbutt Mandevil's ghost.
Mandevil's ghost is moderately damaged.
You barely miss the two-headed ogre. Mandevil's ghost hits you!
* * * LOW HITPOINT WARNING * * *
The two-headed ogre hits you with a giant club!
* * * LOW HITPOINT WARNING * * *
The two-headed ogre hits you with a great mace!!
* * * LOW HITPOINT WARNING * * *
You slash the two-headed ogre! You headbutt the two-headed ogre!
The two-headed ogre is severely wounded.
You miss Mandevil's ghost. Mandevil's ghost hits you.
* * * LOW HITPOINT WARNING * * *
Your plate armour prevents you from hitting the two-headed ogre.
You headbutt the two-headed ogre!
The two-headed ogre is almost dead.
You slash Mandevil's ghost!
The two-headed ogre hits you with a giant club!!
You die...

#..#...PPP..PP> #####. ##
#..#...P..P...P #.#.#.#..
#......P.PPP.PP .#...#.#.
#........PP...P .#.......
#...#.).[.PP.P.
.###....####...#.#.PP.P.PP
.. #.........#)###.....P
♣# #.....#...#.####...P.
.# #...###...#@O)....##.
♣# #.#...#...#W####.## P#
#.#.#.#...#t.......
######.#####...#.#..>###
.##.......##..)(.+...+
O#.#.....#.#.O##.#...#
.#..#...#..#....>....+
.#[..#.#...#O.##.#...#
.W....#WO..W..##.#...#


You could see a two-headed ogre, a crocodile and Mandevil's ghost.

Vanquished Creatures
  A two-headed ogre (D:8)
  2 trolls
  A hippogriff (D:9)
  A yak (D:9)
  Grum (D:8)
  Duvessa (D:7)
  A porcupine (D:9)
  2 ice beasts (D:8)
  2 sky beasts
  2 orc warriors
  3 phantoms
  2 eyes of draining (D:4)
  A black bear (D:9)
  2 wolves (D:8)
  2 centaurs
  A crocodile (D:9)
  Blork the orc (D:4)
  5 bullfrogs
  Dowan (D:7)
  4 scorpions
  3 killer bees (D:9)
  2 crimson imps
  A quasit (D:8)
  2 hounds
  2 jellies
  6 orc priests
  A gnoll shaman (D:8)
  Terence (D:3)
  2 iguanas
  4 orc wizards
  7 worker ants
  A killer bee zombie (D:8)
  2 hound skeletons
  A worker ant zombie (D:5)
  22 gnolls
  5 adders
  2 shadow imps
  An ooze (D:3)
  An adder skeleton (D:4)
  A worm (D:2)
  3 dart slugs
  2 leopard geckos
  24 orcs
  4 giant cockroaches
  6 goblins
  9 hobgoblins
  5 quokkas
  A ball python (D:5)
  4 bats
  8 frilled lizards
  A goblin skeleton (D:5)
  2 hobgoblin zombies (D:5)
  A kobold (D:1)
  2 kobold skeletons (D:5)
  A kobold zombie (D:5)
  2 orc skeletons (D:5)
  An orc zombie (D:5)
  A quokka zombie (D:6)
  5 rats
  A plant (D:9)
186 creatures vanquished.

Vanquished Creatures (others)
  5 dream sheep (D:3)
  3 fungi (D:9)
  A plant (D:9)
9 creatures vanquished.

Grand Total: 195 creatures vanquished

Notes
Turn   | Place    | Note
-------+----------+-------------------------------------------
     0 | D:1      | SpeedyPerson7 the Minotaur Berserker began the quest for the Orb.
     0 | D:1      | Reached XP level 1. HP: 19/19 MP: 0/0
    95 | D:1      | Reached skill level 4 in Axes
   243 | D:1      | Reached XP level 2. HP: 15/27 MP: 1/1
   456 | D:2      | Reached XP level 3. HP: 31/33 MP: 2/2
   467 | D:2      | Reached ** piety under Trog
   682 | D:2      | Reached skill level 5 in Axes
   745 | D:3      | Noticed Terence
   751 | D:3      | Reached XP level 4. HP: 41/41 MP: 3/3
   759 | D:3      | Killed Terence
   861 | D:3      | Found a shimmering altar of Xom.
   861 | D:3      | Noticed a dream sheep
   861 | D:3      | Noticed a dream sheep
   861 | D:3      | Noticed a dream sheep
   861 | D:3      | Noticed a dream sheep
   861 | D:3      | Noticed a dream sheep
   865 | D:3      | Killed a dream sheep
   865 | D:3      | Killed a dream sheep
   865 | D:3      | Killed a dream sheep
   865 | D:3      | Killed a dream sheep
   867 | D:3      | Killed a dream sheep
   944 | D:3      | Reached skill level 5 in Fighting
   944 | D:3      | Reached skill level 6 in Axes
   944 | D:3      | Reached XP level 5. HP: 44/48 MP: 4/4
  1320 | D:4      | Noticed Blork the orc
  1331 | D:4      | Killed Blork the orc
  1331 | D:4      | Reached skill level 7 in Axes
  1331 | D:4      | Reached XP level 6. HP: 41/56 MP: 5/5
  1584 | D:4      | Found a bloodstained altar of Trog.
  1608 | D:4      | Reached skill level 8 in Axes
  1611 | D:4      | Reached XP level 7. HP: 62/64 MP: 0/6
  1758 | D:4      | Reached *** piety under Trog
  1828 | D:4      | Found Godi's Assorted Antiques.
  2002 | D:5      | Entered Level 5 of the Dungeon
  2002 | D:5      | Noticed a troll
  2012 | D:5      | Killed a troll
  2012 | D:5      | Reached skill level 9 in Axes
  2136 | D:5      | Reached XP level 8. HP: 63/73 MP: 7/7
  2143 | D:5      | Reached skill level 10 in Axes
  2227 | D:5      | Found a glowing golden altar of the Shining One.
  2524 | D:6      | Reached **** piety under Trog
  2546 | D:6      | Found an ancient bone altar of Kikubaaqudgha.
  2548 | D:6      | Found a blossoming altar of Fedhas.
  2567 | D:6      | Reached skill level 11 in Axes
  3297 | D:7      | Noticed Duvessa
  3297 | D:7      | Noticed Dowan
  3304 | D:7      | Killed Duvessa
  3304 | D:7      | Reached XP level 9. HP: 83/83 MP: 8/8
  3308 | D:7      | Killed Dowan
  3545 | D:7      | Reached skill level 12 in Axes
  4137 | D:8      | Noticed Grum
  4145 | D:8      | Killed Grum
  4146 | D:8      | Reached skill level 13 in Axes
  4558 | D:9      | Reached skill level 10 in Fighting
  4570 | D:9      | Reached ***** piety under Trog
  4580 | D:9      | Found a staircase to the Lair.
  4588 | D:9      | Found a staircase to the Orcish Mines.
  4647 | D:9      | Reached XP level 10. HP: 94/94 MP: 9/9
  4748 | D:9      | Reached skill level 14 in Axes
  4771 | D:9      | Noticed a two-headed ogre
  4773 | D:9      | Noticed a two-headed ogre
  4774 | D:9      | Noticed Mandevil's ghost (novice DrTm)
  4812 | D:8      | Killed a two-headed ogre
  5067 | D:9      | HP: 3/142 [two-headed ogre/giant club (22)]
  5069 | D:9      | Demolished by a two-headed ogre

Vault maps used:
D:1:      dpeg_arrival_lava_altar, grunt_decor_resistance, minmay_lizard_pond
D:2:      kennysheep_slug_shrine
D:3:      kb_xom_exploding_sheep, first_ration, kennysheep_generic_room_4,
          uniq_terence
D:4:      trog_eyes_of_draining, serial_shops, nicolae_shop_behind_doors,
          uniq_blork_the_orc
D:5:      serial_shops, kennysheep_mini, chequers_big_river,
          nicolae_tso_besieged_by_evil
D:6:      grunt_temple_overflow_growth_and_decay, basic_altar,
          lightli_corner_chamber
D:7:      minmay_temple_entry_butterflies, uniq_duvessa
D:8:      uniq_grum
D:9:      minmay_the_grid_4x2, due_lair_maze_entry_diamond

Skill      XL: |  1  2  3  4  5  6  7  8  9 10 |
---------------+-------------------------------+-----
Axes           | 4 5 6 7 8 9 11 13 14 | 14.6
Fighting       | 4 5 6 7 9 10 11 | 11.1
Armour         | |  2.4
Dodging        | |  2.1

Action                   |  1- 3 |  4- 6 |  7- 9 | 10-12 || total
-------------------------+-------+-------+-------+-------++-------
Melee: Hand axe          |    66 |    91 |    18 |       ||   175
       Headbutt          |     8 |    20 |    51 |     5 ||    84
       War axe           |       |       |   259 |     5 ||   264
       Battleaxe         |       |       |       |    25 ||    25
Invok: Berserk           |     1 |     1 |     7 |     2 ||    11
       Burn Spellbooks   |       |     1 |     1 |       ||     2
  Eat: Chunk             |       |     4 |    14 |     1 ||    19
       Ration            |       |       |       |     1 ||     1
Armor: Scale mail        |    24 |    17 |    53 |       ||    94
       Animal skin       |     1 |       |       |       ||     1
       Plate armour      |       |       |    69 |    24 ||    93
Dodge: Dodged            |    42 |    34 |   103 |    16 ||   195

Table legend:
 A = Spawn XP
 B = Non-spawn XP
 C = Spawn XP percentage of total XP
 D = Spawn monster count
 E = Non-spawn monster count
 F = Spawn count percentage of total count
 G = Total turns spent on level
                    A         B        C        D         E        F      G
               +---------+---------+-------+---------+---------+-------+---------
         Total |       0 |    7364 |   0.0 |       0 |     185 |   0.0 |  5069
               +---------+---------+-------+---------+---------+-------+---------
           D:1 |       0 |      34 |   0.0 |       0 |      20 |   0.0 |   446
           D:2 |       0 |      31 |   0.0 |       0 |      10 |   0.0 |   247
           D:3 |       0 |     185 |   0.0 |       0 |      20 |   0.0 |   379
           D:4 |       0 |     722 |   0.0 |       0 |      18 |   0.0 |   930
           D:5 |       0 |     712 |   0.0 |       0 |      31 |   0.0 |   448
           D:6 |       0 |     802 |   0.0 |       0 |      27 |   0.0 |   578
           D:7 |       0 |     553 |   0.0 |       0 |      10 |   0.0 |   592
           D:8 |       0 |    2098 |   0.0 |       0 |      22 |   0.0 |  1243
           D:9 |       0 |    2227 |   0.0 |       0 |      27 |   0.0 |   206
               +---------+---------+-------+---------+---------+-------+---------
